Map: [ESL] Inside and Out

Players

gumiho

  • Race: Terran Terran
  • Spawn Location: 1:00

ByuN - Winner!

  • Race: Terran Terran
  • Spawn Location: 7:00

Event: TSL 9

VOD

Have the link to the VOD?

Description

Time

  • Played on: Sept. 2, 2022, 8:11 a.m.
  • Length: 14:09

All games in this series

Show
View Real Time Build Order
Export as new Build Order

gumiho Terran 

Build Orders: Cyclone Opening 

Get SALT Encoding   

  12  0:00  SCV  
  13  0:12  SCV  
  14  0:17  Supply Depot  
  14  0:24  SCV  
  15  0:38  SCV  
  15  0:39  Barracks  
  16  0:42  Refinery  
  16  0:50  SCV  
  16  0:52  Refinery  
  17  1:02  SCV  
  18  1:15  SCV  
  19  1:26  Reaper, Orbital Command  
  19  1:30  Supply Depot  
  20  1:41  Factory  
  20  1:52  SCV  
  21  1:58  Reaper  
  22  2:04  SCV  
  23  2:18  Command Center  
  23  2:23  SCV  
  23  2:24  Factory Tech Lab  
  24  2:32  Barracks Reactor  
  24  2:35  SCV  
  24  2:37  Supply Depot  
  24  2:43  Cyclone  
  27  2:47  SCV  
  27  3:00  SCV  
  27  3:01  Starport  
  28  3:09  Marine x2  
  28  3:12  SCV  
  29  3:16  Cyclone  
  32  3:24  SCV  
  33  3:27  Marine x2  
  35  3:37  SCV  
  35  3:39  Medivac  
  38  3:47  Orbital Command  
  38  3:48  Marine x2  
  38  3:49  Refinery  
  38  3:52  SCV  
  41  3:58  Cyclone  
  44  4:04  SCV  
  44  4:06  Marine x2  
  47  4:13  Supply Depot  
  47  4:15  Starport Tech Lab  
  47  4:16  SCV  
  47  4:23  SCV  
  48  4:24  Marine x2  
  50  4:33  Raven  
  50  4:37  SCV x2  
  54  4:39  Supply Depot  
  54  4:43  Siege Tank  
  57  4:48  Marine  
  57  4:49  SCV x2, Marine  
  61  5:01  SCV x2  
  61  5:05  Supply Depot  
  61  5:06  Marine  
  63  5:07  Marine  
  61  5:16  Siege Tank  
  61  5:18  SCV x2  
  59  5:23  Marine  
  59  5:25  Marine  
  56  5:36  SCV x2  
  56  5:40  Raven  
  56  5:41  Marine  
  61  5:46  Command Center  
  61  5:48  SCV x2  
  63  5:54  Siege Tank  
  63  5:56  Marine  
  67  5:59  Command Center, Marine  
  67  6:01  SCV x2  
  70  6:06  Refinery  
  70  6:10  Supply Depot  
  70  6:13  SCV x2  
  72  6:18  Supply Depot, Marine x2  
  72  6:23  Raven  
  76  6:26  Barracks  
  76  6:28  Barracks  
  76  6:29  SCV x2  
  78  6:33  Siege Tank  
  81  6:41  Engineering Bay x2  
  81  6:42  Marine x2  
  81  6:44  SCV x2  
  85  6:56  SCV x2  
  85  6:59  Barracks  
  87  7:02  Barracks  
  87  7:08  SCV x2, Siege Tank  
  91  7:12  Orbital Command  
  91  7:14  Terran Infantry Armor Level 1, Terran Infantry Weapons Level 1  
  92  7:16  Barracks Reactor x2  
  92  7:18  Stimpack, Marine  
  92  7:20  SCV  
  92  7:21  SCV  
  95  7:29  Supply Depot  
  95  7:31  Supply Depot  
  95  7:33  SCV x2  
  95  7:36  Marine  
  98  7:41  Viking x2  
  101  7:45  SCV x2, Orbital Command  
  103  7:51  Marine  
  103  7:57  SCV x2  
  106  8:00  Supply Depot  
  106  8:02  Supply Depot  
  106  8:03  Marine x3  
  106  8:04  Barracks Reactor  
  106  8:05  Barracks Reactor  
  109  8:06  Siege Tank  
  109  8:12  Medivac x2  
  116  8:15  SCV x2  
  116  8:17  Marine  
  116  8:18  Marine  
  119  8:21  Marine x3  
  119  8:22  SCV  
  123  8:35  Marine x2  
  123  8:39  Marine x4  
  123  8:40  Marine x3  
  130  8:42  Siege Tank  
  130  8:47  SCV x3  
  136  8:50  Armory  
  136  8:52  Supply Depot  
  136  8:53  Marine  
  135  8:56  Marine  
  135  8:57  Marine x2  
  135  8:59  SCV, Marine  
  135  9:00  Marine x2  
  135  9:01  Sensor Tower, Marine x2  
  140  9:11  Marine  
  140  9:14  Siege Tank, Marine x3  
  146  9:17  Marine x3  
  146  9:19  Marine x2  
  148  9:29  Marine  
  143  9:32  Marine  
  143  9:33  Marine  
  143  9:35  Marine x2  
  143  9:36  Marine x3  
  139  9:46  Siege Tank  
  139  9:47  Barracks Tech Lab  
  139  9:49  Supply Depot, SCV x3  
  139  9:50  Marine  
  139  9:51  Marine  
  139  9:52  Terran Infantry Weapons Level 2  
  142  9:56  Marine x3  
  142  9:59  Marine x2  
  147  10:08  Marine  
  147  10:13  Marine  
  147  10:14  Marine  
  151  10:15  Marine x2  
  151  10:17  Medivac x2, Marine x2  
  151  10:18  Barracks Reactor, SCV  
  151  10:20  SCV  
  151  10:21  SCV  
  161  10:28  Marine  
  161  10:30  Command Center, SCV  
  161  10:31  Marine  
  161  10:32  Supply Depot  
  164  10:43  Marine  
  165  10:51  Marine  
  165  10:53  Medivac x2, Marine x2  
  171  10:57  Marine x2  
  171  11:01  Supply Depot  
  171  11:02  Supply Depot  
  171  11:03  Missile Turret  
  173  11:11  Terran Infantry Armor Level 2  
  173  11:13  Marine x3  
  168  11:20  Orbital Command  
  168  11:23  Marine x2  
  168  11:24  Marine x2  
  168  11:25  Marine x2  
  159  11:32  Marine x2  
  138  11:33  Marine  
  138  11:34  Viking x2  
  138  11:38  Siege Tank  
  143  11:41  Marine x2  
  143  11:42  Marine x2  
  143  11:43  Marine  
  148  11:55  SCV x3, Marine  
  148  11:56  Marine  
  148  11:57  Marine x2  
  153  12:02  Combat Shield  
  153  12:04  Viking  
  142  12:12  SCV x3  
  131  12:16  Marine  
  131  12:17  Marine x6  
  131  12:20  Marine x2  
  129  12:34  Marine x6  
  129  12:35  Marine  
  127  12:38  Marine x2  
  101  12:52  Marine x7  
  101  12:55  SCV x2  
  101  12:56  SCV, Marine x2  
  111  13:07  SCV  
  111  13:09  Siege Tank  
  111  13:10  Marine x7  
  120  13:14  Marine x2  
  120  13:18  Medivac  
  124  13:20  SCV x2  
  124  13:22  SCV  
  127  13:27  Marine  
  127  13:28  Marine x5  
  127  13:33  Marine x3  
  127  13:45  Marine  
  127  13:46  Marine x5  
  133  13:51  Marine  
Show
View Real Time Build Order
Export as new Build Order

ByuN Terran - Winner!

Build Orders:  

Get SALT Encoding   

  12  0:00  SCV  
  13  0:12  SCV  
  14  0:16  Supply Depot  
  14  0:24  SCV  
  14  0:27  Refinery  
  15  0:38  SCV  
  16  0:43  Barracks  
  16  0:50  SCV  
  16  0:53  Refinery  
  17  1:02  SCV  
  18  1:14  SCV  
  19  1:30  Reaper, Orbital Command  
  20  1:32  Factory  
  20  1:48  Supply Depot  
  20  1:55  SCV  
  21  2:02  Reaper  
  21  2:08  SCV  
  23  2:16  Hellion  
  23  2:20  SCV  
  26  2:32  SCV  
  26  2:34  Reaper  
  27  2:39  Hellion  
  30  2:44  SCV, Command Center  
  30  2:47  Supply Depot  
  30  2:57  SCV  
  31  3:01  Factory Tech Lab, Starport  
  31  3:07  Barracks Reactor  
  31  3:09  SCV  
  31  3:21  SCV  
  31  3:22  Cyclone  
  35  3:29  Refinery  
  35  3:33  SCV  
  36  3:44  Marine x2  
  36  3:46  SCV  
  39  3:56  Orbital Command  
  39  3:58  SCV, Raven  
  39  4:01  Factory Tech Lab  
  39  4:02  Marine  
  43  4:09  Supply Depot, Marine  
  44  4:10  SCV  
  45  4:21  Siege Tank  
  45  4:22  SCV  
  45  4:23  SCV  
  50  4:24  Marine  
  50  4:27  Marine  
  51  4:32  Supply Depot  
  51  4:35  SCV x2  
  53  4:41  Raven  
  53  4:45  Marine x2  
  56  4:47  SCV x2  
  59  4:53  Siege Tank  
  59  4:55  Supply Depot  
  59  4:59  SCV x2  
  64  5:03  Supply Depot  
  64  5:06  Supply Depot  
  64  5:11  SCV x2  
  62  5:17  Marine x2  
  62  5:20  Supply Depot  
  64  5:23  SCV x2  
  64  5:25  Siege Tank  
  62  5:35  SCV  
  60  5:41  Raven  
  62  5:46  SCV  
  63  5:51  Command Center  
  63  5:58  Marine x2  
  63  6:01  SCV x2  
  63  6:03  Siege Tank  
  69  6:13  SCV x2  
  69  6:15  Refinery  
  71  6:21  Barracks  
  71  6:22  Barracks  
  71  6:24  Raven  
  71  6:25  SCV x2  
  75  6:36  Engineering Bay x2  
  75  6:37  SCV x2  
  75  6:39  Siege Tank  
  80  6:43  Marine x2  
  82  6:49  SCV  
  82  6:50  SCV  
  86  7:01  SCV  
  86  7:02  SCV  
  86  7:03  Terran Infantry Armor Level 1, Terran Infantry Weapons Level 1  
  88  7:10  Orbital Command  
  88  7:11  Barracks Reactor x2  
  88  7:15  Barracks, Marine  
  88  7:17  Barracks  
  88  7:19  SCV x2  
  91  7:25  Stimpack  
  91  7:29  Siege Tank  
  92  7:31  Supply Depot, SCV x2  
  92  7:33  Supply Depot, Marine, Orbital Command  
  92  7:35  Missile Turret  
  95  7:43  SCV x2  
  96  7:46  Viking x2  
  100  7:52  Marine x5  
  100  7:55  SCV x2  
  106  8:01  Siege Tank  
  106  8:02  Supply Depot  
  106  8:03  SCV  
  110  8:07  SCV x2  
  112  8:14  Barracks Reactor x2  
  112  8:15  SCV  
  112  8:16  Marine x4  
  112  8:17  Marine  
  112  8:19  SCV x2  
  119  8:27  SCV  
  119  8:31  SCV  
  119  8:32  SCV  
  119  8:34  Siege Tank, Marine x2  
  116  8:39  SCV  
  114  8:43  SCV  
  114  8:44  SCV, Marine x2  
  114  8:45  Marine  
  115  8:49  Armory  
  115  8:51  SCV, Refinery  
  115  8:52  Supply Depot, Refinery  
  116  8:55  Sensor Tower  
  116  8:56  Supply Depot, SCV x2  
  116  8:57  Supply Depot  
  116  8:59  Marine x5  
  116  9:00  Marine  
  116  9:01  Medivac  
  116  9:02  Marine  
  126  9:03  SCV  
  126  9:04  Medivac  
  126  9:08  SCV x2  
  132  9:15  Combat Shield  
  132  9:16  Marine x2  
  135  9:20  Marine x3  
  135  9:21  Orbital Command  
  135  9:24  Marine  
  133  9:33  SCV x2  
  135  9:40  Marine x2  
  135  9:41  Marine x2  
  135  9:42  Siege Tank  
  142  9:46  Marine x2  
  142  9:49  Medivac x2  
  142  9:51  SCV  
  149  9:58  SCV x2  
  149  9:59  Terran Infantry Weapons Level 2  
  151  10:09  SCV  
  151  10:10  SCV  
  151  10:13  SCV  
  148  10:17  Supply Depot  
  148  10:21  SCV  
  149  10:22  Marine x5  
  149  10:23  Command Center, Marine x2  
  156  10:30  Supply Depot  
  156  10:32  Medivac x2, Terran Infantry Armor Level 2  
  156  10:33  Siege Tank  
  163  10:40  Sensor Tower  
  163  10:47  Marine x5  
  163  10:48  Marine x2  
  170  10:51  Marine  
  170  10:52  Marine  
  171  11:05  Siege Tank, Marine x6  
  171  11:06  Marine  
  168  11:13  Marine x2  
  168  11:23  Marine x6  
  168  11:24  Marine  
  164  11:31  Marine x2  
  164  11:32  Viking  
  163  11:35  Factory  
  163  11:37  Siege Tank  
  156  11:41  Medivac, Marine x5  
  156  11:44  SCV x3  
  166  11:49  Terran Vehicle Weapons Level 1, Sensor Tower  
  166  11:53  Marine x3  
  169  11:56  SCV x3  
  169  11:58  Marine x2  
  169  11:59  Marine x3  
  177  12:02  Medivac  
  169  12:10  Marine  
  169  12:11  Marine  
  169  12:12  Marine  
  169  12:13  Siege Tank  
  169  12:19  Viking  
  168  12:27  Marine x2  
  168  12:28  Marine x2  
  163  12:31  Marine x2  
  163  12:32  Viking  
  160  12:37  Marine  
  160  12:38  Marine  
  160  12:39  Marine  
  135  12:45  Siege Tank, Marine x2  
  135  12:46  Marine x2  
  135  12:49  Marine x2  
  132  12:55  Marine  
  132  12:56  Factory Tech Lab, Marine  
  132  12:57  Marine  
  135  13:03  Marine x2  
  135  13:04  SCV, Marine x2  
  135  13:05  SCV  
  141  13:06  SCV  
  141  13:07  Marine x2  
  140  13:14  Marine x3  
  140  13:15  Siege Tank  
  140  13:17  Siege Tank  
  140  13:19  Sensor Tower  
  149  13:21  Marine x2  
  149  13:22  Marine  
  149  13:23  Marine  
  149  13:26  Medivac x2  
  157  13:35  Marine  
  157  13:36  Marine  
  157  13:37  Marine x2  
  161  13:47  Marine x4  
  168  13:50  Marine  
Tags
 
Add a new tag
Caveats
  • Supply blocks, unpowered buildings, or Contaminate may cause inaccurate times.
  • Supply counts are checked every 10 seconds.